 Dungeon Crawl Stone Soup version 0.29-a0-721-g7f417c9bbb (webtiles) character file.

Game seed: 6882201398692765991

6 porpoise the Caller (level 1, 0/11 HPs)
             Began as a Tengu Summoner on June 28, 2022.
             Slain by an endoplasm (2 damage)
             ... on level 1 of the Dungeon.
             The game lasted 00:01:18 (108 turns).

porpoise the Caller (Tengu Summoner)                 Turns: 108, Time: 00:01:18

Health: 0/11       AC:  2    Str:  8    XL:     1   Next: 90%
Magic:  2/4        EV: 12    Int: 15    God:
Gold:   0          SH:  0    Dex: 14    Spells: 3/4 levels left

rFire   . . .      SeeInvis .   (no weapon)
rCold   . . .      Faith    .   (no shield)
rNeg    . . .      Spirit   .   a - +0 robe
rPois   .          Reflect  .   (helmet restricted)
rElec   .          Harm     .   (no cloak)
rCorr   .          Rampage  .   (no gloves)
Will    +....                   (boots unavailable)
Stlth   ++........              (no amulet)
HPRegen 0.03/turn               d - ring of willpower
MPRegen 0.09/turn               (no ring)

@: no status effects
A: beak, talons 3
a: no special abilities


You were on level 1 of the Dungeon.
You visited 1 branch of the dungeon, and saw 1 of its levels.

Inventory:

Armour
 a - a +0 robe (worn)
Jewellery
 d - a ring of willpower (left hand)
Potions
 b - a potion of magic
 c - a potion of heal wounds {unknown}


   Skills:
 * Level 0.9 Fighting
 - Level 2.1 Dodging
 - Level 2.0 Stealth
 + Level 2.1 Spellcasting
 + Level 4.9 Summonings


You had 3 spell levels left.
You knew the following spells:

 Your Spells              Type           Power      Damage    Failure   Level
a - Summon Small Mammal   Summ           64%        N/A       3%          1

Your spell library contained the following spells:

 Spells                   Type           Power      Damage    Failure   Level
 Call Imp                 Summ           16%        N/A       4%          2
 Call Canine Familiar     Summ           16%        N/A       9%          3
 Summon Guardian Golem    Hex/Summ       9%         N/A       24%         3
 Summon Lightning Spire   Summ/Air       9%         N/A       61%         4


Dungeon Overview and Level Annotations

Branches:
Dungeon (1/15)

Altars:


Innate Abilities, Weirdness & Mutations

You have a beak for a mouth.
You have claws for feet.


Message History

The jackal bites you.
The jackal bites you but does no damage.
Your quokka bites the jackal but does no damage.
You closely miss the jackal. Your kick misses the jackal.
The jackal is almost dead.
The jackal barely misses you. x2; The giant cockroach bites your quokka.
Your quokka closely misses the jackal.
Your quokka barely misses the giant cockroach.
You hit the jackal but do no damage. You claw the jackal.
You kill the jackal!
The jackal bites you.
Your quokka bites the jackal.
Your quokka closely misses the giant cockroach.
The jackal bites your quokka.
Your quokka closely misses the jackal.
Your quokka bites the giant cockroach.
The endoplasm freezes you.
You are frozen.
* * * LOW HITPOINT WARNING * * *
The jackal barely misses your quokka.
The giant cockroach closely misses your quokka.
Something misses your quokka.
Your quokka bites the giant cockroach.
The giant cockroach bites your quokka but does no damage.
Your quokka bites the giant cockroach but does no damage.
Something bites your quokka.
Your quokka dies!
Your quokka's corpse disappears in a puff of smoke!
Your quokka bites the giant cockroach but does no damage.
The giant cockroach barely misses your quokka.
Your quokka bites the giant cockroach but does no damage.
The jackal closely misses your quokka.
The giant cockroach barely misses your quokka.
The endoplasm barely misses you.
Your quokka barely misses the giant cockroach.
The jackal bites your quokka but does no damage.
The giant cockroach bites your quokka but does no damage.
Your quokka bites the giant cockroach.
The giant cockroach dies!
The jackal bites your quokka.
You see here a giant cockroach corpse.
The endoplasm attacks as you move away! The endoplasm hits you.
You die...

###################### .
........#...##.#..#..#
..#....#....##.#..##r.##
#... ##...##...#.#.##..#
.#..$#.......#.###.#.#.#
.......#...#@.#...#.####
..##..#..#.J.#.######.##
........#...#.## #.#
....##.h†...##.# ###<#
...#..#r..#..#.# #..##
#...##..#...##. #.#.##
#...#......#..#.#.. ##.#
.......##.##..##.####..#
...#...#.....#.#..#..###


You could see an endoplasm, a jackal (distracted, ally target) and a friendly
quokka (summoned).

Vanquished Creatures
  2 jackals (D:1)
2 creatures vanquished.

Vanquished Creatures (collateral kills)
  2 giant cockroaches (D:1)
  A rat (D:1)
3 creatures vanquished.

Grand Total: 5 creatures vanquished

Notes
Turn   | Place    | Note
-------+----------+-------------------------------------------
     0 | D:1      | porpoise the Tengu Summoner began the quest for the Orb.
     0 | D:1      | Reached XP level 1. HP: 10/10 MP: 4/4
   108 | D:1      | Slain by an endoplasm

Illustrated notes

Levels and vault maps discovered:
D:1:      erik_arrival_cave_to_civilisation [erik_arrival_cave_to_temple],
          layout_basic, shapermc_ecumenical_altar_gd

Action                   || total
-------------------------++-------
Melee: Unarmed           ||     9
       Kick              ||     3
       Peck              ||     2
 Cast: Summon Small Mamm ||     5
Armor: Robe              ||     3
Dodge: Dodged            ||    10

Table legend: (Time is in decaauts)
 A = Elapsed time spent in this place.
 B = Non-inter-level travel time spent in this place.
 C = Inter-level travel time spent in this place.
 D = Time resting spent in this place.
 E = Time spent auto-exploring this place.
 F = Levels seen in this place.
 G = Mean time per level.
                   A        B        C        D        E       F      G
               +--------+--------+--------+--------+--------+-----+--------+
         Total |    107 |    107 |      0 |      4 |     36 |   1 |  107.0 |
       Dungeon |    107 |    107 |      0 |      4 |     36 |   1 |  107.0 |
               +--------+--------+--------+--------+--------+-----+--------+

Top non-repeatable levels by time:
     D:1: 107 daAuts
